 Dungeon Crawl Stone Soup version 0.29.1-2-gbd0b4ee654 (webtiles) character file.

Game seed: 3562187224061259508

2243 zeram the Skirmisher (level 9, 0/37 (41) HPs)
             Began as a Spriggan Arcane Marksman on Nov 13, 2022.
             Was an Initiate of Gozag.
             Slain by a hornet (6 damage)
             ... on level 7 of the Dungeon.
             The game lasted 00:25:44 (10326 turns).

zeram the Skirmisher (Spriggan Arcane Marksman)    Turns: 10326, Time: 00:25:44

HP:   0/37 (41)     AC:  7    Str:  6    XL:     9   Next: 14%
MP:   12/12         EV: 19    Int: 18    God:    Gozag
Gold: 1377          SH:  0    Dex: 16    Spells: 5/10 levels left

rFire   . . .      SeeInvis +   a - +1 sling
rCold   . . .      Faith    .   (no shield)
rNeg    + . .      Spirit   .   c - +1 robe
rPois   .          Reflect  .   (helmet restricted)
rElec   .          Harm     .   (no cloak)
rCorr   .          Rampage  .   (gloves unavailable)
Will    +....                   (boots unavailable)
Stlth   +.........              (no amulet)
HPRegen 0.12/turn               e - +4 ring of protection
MPRegen 0.13/turn               s - ring of positive energy

@: lethally poisoned (0 -> -3), slowed, drained, quick
A: very small, no large weapons, unfitting armour, see invisible, speed 3
a: Renounce Religion, Potion Petition, Call Merchant, Bribe Branch


You were on level 7 of the Dungeon.
You worshipped Gozag.
Gozag was most pleased with you.
You visited 2 branches of the dungeon, and saw 8 of its levels.

You collected 1563 gold pieces.
You spent 96 gold pieces at shops.
You paid 90 gold pieces to Gozag.

Inventory:

Hand Weapons
 a - a +1 sling (weapon)
 h - a +2 short sword of freezing
Missiles
 d - 2 throwing nets
Armour
 c - a +1 robe (worn)
Jewellery
 e - a +4 ring of protection (left hand)
 s - a ring of positive energy (right hand)
 x - the ring "Obrojeid" {rPois rC+ Str+2}
   (You found it on level 7 of the Dungeon)

   [ring of poison resistance]

   Str:       It affects your strength (+2).
   rC:        It protects you from cold.
   rPois:     It protects you from poison.
Wands
 k - a wand of polymorph (18)
 o - a wand of flame (6)
 t - a wand of acid (6)
 u - a wand of charming (25)
 v - a wand of iceblast (6)
Scrolls
 b - 2 scrolls of poison
 f - a scroll of fog
 g - 2 scrolls of identify
 j - 2 scrolls of blinking
 l - 6 scrolls of teleportation
 w - a scroll of fear
Potions
 i - 3 potions of flight
 m - 2 potions of ambrosia
 n - 3 potions of curing
 p - 2 potions of brilliance
 q - a potion of lignification
 r - a potion of berserk rage {unknown}


   Skills:
 - Level 1.0 Fighting
 + Level 11.5 Ranged Weapons
 + Level 5.5 Dodging
 + Level 1.3 Spellcasting
 - Level 4.1 Hexes
 + Level 1.4 Evocations


You had 5 spell levels left.
You knew the following spells:

 Your Spells              Type           Power      Damage    Failure   Level
a - Slow                  Hex            64%        N/A       3%          1
b - Cause Fear            Hex            8%         N/A       34%         4

Your spell library contained the following spells:

 Spells                   Type           Power      Damage    Failure   Level
 Dazzling Flash           Conj/Hex       16%        N/A       26%         3
 Inner Flame              Hex/Fire       8%         N/A       26%         3
 Portal Projectile        Hex/Tloc       16%        N/A       26%         3
 Static Discharge         Conj/Air       1%         3-4/arc   28%         2
 Hailstorm                Conj/Ice       1%         3d3       88%         4
 Ice Form                 Ice/Tmut       1%         N/A       88%         4
 Iskenderun's Mystic Bla  Conj/Tloc      1%         2d3       88%         4
 Freezing Cloud           Conj/Ice/Air   0%         6-21      99%         5
 Lightning Bolt           Conj/Air       0%         1d11      99%         5
 Starburst                Conj/Fire      0%         6d3       100%        6
 Maxwell's Capacitive Co  Air            0%         ∞         100%        8
 Polar Vortex             Ice            0%         N/A       100%        9
 Simulacrum               Ice/Necr       Unusable   N/A       N/A         6

Dungeon Overview and Level Annotations

Branches:
Dungeon (7/15)             Temple (1/1) D:6

Altars:
Cheibriados
Dithmenos
Elyvilon
Fedhas
Gozag
Hepliaklqana
Kikubaaqudgha
Makhleb
Nemelex Xobeh
Okawaru
Qazlal
Sif Muna
Trog
Uskayaw
Vehumet
Wu Jian
Xom
Yredelemnul
Zin
The Shining One

Shops:
D:4 *   D:7 (

Annotations:
Temple 2 transporters


Innate Abilities, Weirdness & Mutations

You are very small and have problems with some larger weapons.
You are too small for most types of armour.
You have supernaturally acute eyesight. (SInv)
You cover ground extremely quickly. (Speed+++)


Message History

a +1 long sword; a +0 robe
k - a wand of polymorph (18) (gained 8 charges)
You now have 1344 gold pieces (gained 19).
You now have 1358 gold pieces (gained 14).
x - the ring "Obrojeid" {rPois rC+ Str+2} You now have 1377 gold pieces (gained 19).
A hornet comes into view.
A hornet is nearby!
A hornet is nearby!
A hornet is nearby!
A hornet is nearby!
A hornet is nearby!
You shoot a sling bullet.
The sling bullet closely misses the hornet.
You shoot a sling bullet. The sling bullet hits the hornet.
The hornet is lightly wounded.
You shoot a sling bullet. The sling bullet hits the hornet.
The hornet is lightly wounded.
You shoot a sling bullet. The sling bullet misses the hornet.
You shoot a sling bullet. The sling bullet misses the hornet.
The hornet completely misses you.
You shoot a sling bullet.
The sling bullet completely misses the hornet.
The hornet stings you.
You suddenly lose the ability to move!
The hornet closely misses you. The hornet stings you!
You are poisoned.
You feel yourself slow down.
You feel very sick. The hornet stings you!
* * * LOW HITPOINT WARNING * * *
You feel as though you will be slow longer.
You can move again.
You feel sick. The hornet closely misses you.
Unknown command.
You feel sick.
You feel sick. The hornet attacks as you move away! The hornet misses you.
You feel sick. The hornet stings you.
You die...
Your body crumbles into a pile of gold.

# # ############ #..........#
#..........# #####..........#
#....##..........# .. #####
#....##..........# .. ....#
#....##..........#### ..
###.###....##...@.........# .#
#..........##..y.......##.#####.#
............#..........##...##..#
............#..........####..#.#
..............########## ##...##
#............## ###..#
#............## #...
.......#####..# #.## .......#
##.# ###.#.


You could see a hornet.

Vanquished Creatures
  Pikel (D:6)
  Edmund (D:6)
  2 ice beasts
  A sky beast (D:7)
  3 phantoms
  4 lemures (D:5)
  4 necrophages
  A scorpion (D:6)
  3 wights (D:7)
  A howler monkey (D:4)
  2 orc priests
  3 hounds
  Ijyb (D:4)
  4 iguanas
  6 orc wizards
  8 gnolls
  7 adders
  A shadow imp (D:7)
  A worm (D:2)
  A dart slug (D:3)
  15 orcs
  9 bats
  8 endoplasms
  3 giant cockroaches
  10 goblins
  9 hobgoblins
  3 jackals (D:2)
  3 quokkas
  4 ball pythons
  2 frilled lizards
  6 kobolds
  5 rats
  A spectral kobold (D:7)
133 creatures vanquished.

Notes
Turn   | Place    | Note
-------+----------+-------------------------------------------
     0 | D:1      | zeram the Spriggan Arcane Marksman began the quest for the
                  | Orb.
     0 | D:1      | Reached XP level 1. HP: 9/9 MP: 3/3
    17 | D:1      | Reached skill level 1 in Fighting
   376 | D:1      | Found a faded altar of an unknown god.
   425 | D:1      | Reached XP level 2. HP: 14/14 MP: 5/5
  1115 | D:2      | Reached XP level 3. HP: 14/18 MP: 6/6
  1257 | D:2      | Reached skill level 3 in Ranged Weapons
  2567 | D:3      | Reached XP level 4. HP: 11/22 MP: 7/7
  2724 | D:2      | Learned a level 4 spell: Cause Fear
  2743 | D:3      | Found an ancient bone altar of Kikubaaqudgha.
  2786 | D:3      | Found a glowing golden altar of the Shining One.
  2997 | D:3      | Reached skill level 4 in Ranged Weapons
  3011 | D:3      | Identified a scroll of acquirement
  3011 | D:3      | Acquired 1016 gold pieces
  4000 | D:4      | Noticed a phantom
  4011 | D:4      | Reached XP level 5. HP: 19/25 MP: 8/8
  4220 | D:4      | Killed a phantom
  4221 | D:4      | Reached skill level 5 in Ranged Weapons
  4485 | D:4      | Reached XP level 6. HP: 28/30 MP: 9/9
  4594 | D:4      | Noticed Ijyb
  4644 | D:4      | Killed Ijyb
  4645 | D:4      | Reached skill level 6 in Ranged Weapons
  5111 | D:4      | Found Gafiuzy's General Store.
  5114 | D:4      | Bought a wand of iceblast (4) for 96 gold pieces
  5159 | D:4      | Found a shadowy altar of Dithmenos.
  5560 | D:5      | Entered Level 5 of the Dungeon
  5619 | D:5      | Reached skill level 7 in Ranged Weapons
  5619 | D:5      | Reached XP level 7. HP: 24/33 MP: 10/10
  7061 | D:5      | Reached skill level 8 in Ranged Weapons
  7196 | D:5      | Found a bloodstained altar of Trog.
  7842 | D:6      | Reached XP level 8. HP: 37/37 MP: 11/11
  8030 | D:6      | Reached skill level 9 in Ranged Weapons
  8192 | D:6      | Found a staircase to the Ecumenical Temple.
  8211 | Temple   | Entered the Ecumenical Temple
  8211 | Temple   | Found a transporter.
  8211 | Temple   | Found a transporter.
  8213 | Temple   | Found a transporter.
  8213 | Temple   | Found a transporter.
  8232 | Temple   | Became a worshipper of Gozag Ym Sagoz the Greedy
  8472 | D:6      | Found a radiant altar of Vehumet.
  8472 | D:6      | Noticed Pikel
  8807 | D:6      | Killed Pikel
  8808 | D:6      | Reached skill level 10 in Ranged Weapons
  8808 | D:6      | Reached skill level 5 in Dodging
  8809 | D:6      | Noticed Edmund
  8823 | D:6      | Killed Edmund
  8824 | D:6      | Reached skill level 1 in Evocations
  9355 | D:7      | Reached skill level 11 in Ranged Weapons
  9480 | D:7      | Reached XP level 9. HP: 35/41 MP: 12/12
  9535 | D:7      | Found Movu Hie's Weapon Shoppe.
  9586 | D:7      | Found a hazy altar of Hepliaklqana.
 10014 | D:7      | Found a shimmering blue altar of Sif Muna.
 10293 | D:7      | Identified the ring "Obrojeid" {rPois rC+ Str+2}
 10320 | D:7      | Paralysed by a hornet for 2 turns
 10326 | D:7      | Slain by a hornet

Illustrated notes

Levels and vault maps discovered:
D:1:      dpeg_arrival_arbitrary_b, layout_basic,
          chequers_ecumenical_altar_grove
D:2:      layout_basic, chequers_serial_rivers_micro_b, minmay_tromino_i2
D:3:      layout_loops_ring, mainiacjoe_overflow_two_lobes
D:4:      layout_loops_ring, nicolae_dithmenos_the_darkroom, serial_shops,
          nicolae_shop_behind_doors, nicolae_zen_rock_garden, uniq_ijyb
D:5:      layout_rooms, lemuel_tele_altar
D:6:      layout_gridville, nicolae_vehumet_altar_sigil,
          minmay_temple_entry_arrows, uniq_pikel, uniq_edmund
D:7:      layout_rooms, lemuel_crystal_altar,
          nicolae_hepliaklqana_monster_ancestors, serial_shops,
          nicolae_shop_waterfront
Temple:   hellmonk_temple_divided_pantheon

Skill      XL: |  1  2  3  4  5  6  7  8 |
---------------+-------------------------+-----
Fighting       | 1 |  1.0
Hexes          | 4 |  4.1
Ranged Weapons | 3 4 5 7 8 11 | 11.5
Dodging        | 3 4 5 |  5.5
Evocations     | 1 |  1.4
Spellcasting   | |  1.3

Action                   |  1- 3 |  4- 6 |  7- 9 || total
-------------------------+-------+-------+-------++-------
Melee: Short sword       |     5 |       |     2 ||     7
       Sling             |       |     2 |       ||     2
 Fire: Sling             |   174 |   221 |   398 ||   793
 Cast: Slow              |     2 |       |       ||     2
Evoke: Wand              |       |       |     6 ||     6
  Use: Scroll            |     8 |     7 |     3 ||    18
       Potion            |       |       |     2 ||     2
Armor: Robe              |    14 |    32 |    52 ||    98
Dodge: Dodged            |    83 |    82 |   175 ||   340
